 Dungeon Crawl Stone Soup version 0.26-a0-712-ga5a9c9c9d0 (webtiles) character file.

Game seed: 8755485820566256980

47 somkeydreadnuts the Digger (level 3, -2/19 HPs)
             Began as a Gargoyle Earth Elementalist on Nov 1, 2020.
             Slain by a hobgoblin
             ... wielding a +0 club
              (5 damage)
             ... on level 2 of the Dungeon.
             The game lasted 00:06:21 (1504 turns).

somkeydreadnuts the Digger (GrEE)                   Turns: 1504, Time: 00:06:23

Health: -2/19      AC:  1    Str: 11    XL:     3   Next: 70%
Magic:  1/6        EV: 12    Int: 16    God:
Gold:   67         SH:  0    Dex: 10    Spells: 5/6 levels left

rFire    . . .     SeeInvis .   i - +0 dagger
rCold    . . .     Faith    .   (no shield)
rNeg     + . .     Spirit   .   c - +0 robe
rPois    ∞         Reflect  .   (no helmet)
rElec    +         Harm     .   (no cloak)
rCorr    .         Rampage  .   (no gloves)
MR       +....                  (no boots)
Stlth    ++........             (no amulet)
HPRegen  0.06/turn              h - ring of protection from magic
MPRegen  0.10/turn              j - -4 ring of protection (curse)

@: no status effects
A: negative energy resistance 1, electricity resistance, unbreathing,
petrification resistance, rot immunity, AC +3
a: no special abilities


You were on level 2 of the Dungeon.
You visited 1 branch of the dungeon, and saw 2 of its levels.

You collected 67 gold pieces.

Inventory:

Hand Weapons
 i - a +0 dagger (weapon)
Missiles
 b - 70 stones (quivered)
Armour
 a - a +2 hat
 c - a +0 robe (worn)
 k - a cursed -1 leather armour
Jewellery
 h - a ring of protection from magic (left hand)
 j - a cursed -4 ring of protection (right hand)
Scrolls
 e - 2 scrolls of fear
Potions
 d - a potion of flight


   Skills:
 - Level 0.2 Fighting
 - Level 1.8 Dodging
 - Level 2.3 Stealth
 - Level 2.3 Spellcasting
   Level 0.7 Transmutations
 + Level 5.0 Earth Magic


You had 5 spell levels left.
You knew the following spells:

 Your Spells              Type           Power        Failure   Level
a - Sandblast             Erth           ###...       2%          1

Your spell library contained the following spells:

 Spells                   Type           Power        Failure   Level
 Passwall                 Tmut/Erth      ##......     10%         2
 Stone Arrow              Conj/Erth      #.....       22%         3
 Petrify                  Tmut/Erth      ##......     52%         4
 Lee's Rapid Deconstruct  Erth           ###.......   58%         5


Dungeon Overview and Level Annotations

Branches:
Dungeon (2/15)

Altars:


Innate Abilities, Weirdness & Mutations

You are resistant to torment.
Your stone body is resilient. (AC +3)
You are immune to poison.
You resist negative energy. (rN+)
You are resistant to electric shocks. (rElec)
You can survive without breathing.
You are immune to petrification.
You are immune to rotting.


Message History

The hobgoblin barely misses you.
Unknown command.
Casting: Sandblast (safe; 2% risk of failure)
Confirm with . or Enter, or press ? or * to list all spells.
Aiming: Sandblast (safe; 2% risk of failure)
Press: ? - help, Shift-Dir - straight line, f/p - hobgoblin
Aim: a hobgoblin, wielding a +0 club and wearing a +0 ring mail The blast of sand misses the hobgoblin.
b - 71 stones The hobgoblin hits you with a +0 club.
* * * LOW HITPOINT WARNING * * *
Casting: Sandblast (safe; 2% risk of failure)
Confirm with . or Enter, or press ? or * to list all spells.
Aiming: Sandblast (safe; 2% risk of failure)
Press: ? - help, Shift-Dir - straight line, f/p - hobgoblin
Aim: a hobgoblin, wielding a +0 club and wearing a +0 ring mail The blast of sand hits the hobgoblin but does no damage.
b - 70 stones The hobgoblin hits you with a +0 club.
You die...

.# ## .# .
.#.# .#. . ..
#. .#
..###.#####.#
#.....g@.†..#
#.#####....##
##.#.##
#....# ###..#
#..# ##.# #
########.#
#.#
#........#


You could see a hobgoblin.

Vanquished Creatures
  2 adders (D:2)
  A dart slug (D:1)
  A leopard gecko (D:1)
  A giant cockroach (D:1)
  5 goblins (D:1)
  6 hobgoblins
  3 bats
  3 kobolds (D:1)
  3 rats
25 creatures vanquished.

Notes
Turn   | Place    | Note
-------+----------+-------------------------------------------
     0 | D:1      | somkeydreadnuts the Gargoyle Earth Elementalist began the
                  | quest for the Orb.
     0 | D:1      | Reached XP level 1. HP: 10/10 MP: 3/3
   375 | D:1      | Reached XP level 2. HP: 15/15 MP: 3/5
   381 | D:1      | Reached skill level 4 in Earth Magic
  1165 | D:1      | Reached XP level 3. HP: 15/19 MP: 1/6
  1486 | D:2      | Reached skill level 5 in Earth Magic
  1504 | D:2      | Slain by a hobgoblin

Illustrated notes

Levels and vault maps discovered:
D:1:      dpeg_arrival_stone_temple_mockup, layout_basic
D:2:      layout_loops_ring

Skill      XL: |  1  2  3 |
---------------+----------+-----
Earth Magic    | 4 5 |  5.0
Fighting       | |  0.2
Dodging        | |  1.8
Stealth        | |  2.3
Spellcasting   | |  2.3
Transmutations | |  0.7

Action                   || total
-------------------------++-------
Melee: Unarmed           ||     7
       Dagger            ||    20
 Cast: Sandblast         ||    37
  Use: Potion            ||     4
       Scroll            ||     2
 Stab: Distracted        ||     1
Armor: Robe              ||     3
Dodge: Dodged            ||    25

Table legend: (Time is in decaauts)
 A = Elapsed time spent in this place.
 B = Non-inter-level travel time spent in this place.
 C = Inter-level travel time spent in this place.
 D = Time resting spent in this place.
 E = Time spent auto-exploring this place.
 F = Levels seen in this place.
 G = Mean time per level.
                   A        B        C        D        E       F      G
               +--------+--------+--------+--------+--------+-----+--------+
         Total |   1502 |   1502 |      0 |      0 |   1035 |   2 |  751.0 |
       Dungeon |   1502 |   1502 |      0 |      0 |   1035 |   2 |  751.0 |
               +--------+--------+--------+--------+--------+-----+--------+

Top non-repeatable levels by time:
     D:1: 1300 daAuts
     D:2: 201 daAuts
